 Dungeon Crawl Stone Soup version 0.28.0-47-ge53b351184 (webtiles) character file.

Game seed: 16442669836319452763

2628 Bruhh the Thaumaturge (level 9, -2/65 HPs)
             Began as a Djinni Earth Elementalist on May 1, 2022.
             Was a Follower of Cheibriados.
             Slain by a killer bee (6 damage)
             ... on level 8 of the Dungeon.
             The game lasted 00:10:50 (10303 turns).

Bruhh the Thaumaturge (Djinni Earth Elementalist)  Turns: 10303, Time: 00:10:50

Health: -2/65      AC:  2    Str:  9    XL:     9   Next: 92%
Gold:   272        EV: 12    Int: 23    God:    Cheibriados [*.....] SH:  0 Dex: 16

rFire   + + .      SeeInvis +   (no weapon)
rCold   x . .      Faith    +   (no shield)
rNeg    + . .      Spirit   .   b - +0 robe
rPois   ∞          Reflect  .   (no helmet)
rElec   .          Harm     .   (no cloak)
rCorr   .          Rampage  .   (no gloves)
Will    .....                   (boots unavailable)
Stlth   ++........              a - amulet of faith
HPRegen 0.20/turn               h - ring of positive energy
MPRegen 0.00/turn               r - ring of see invisible

@: flying, invisible, very slow
A: sickness immunity, fire resistance 2, cold vulnerability 1, float, innate
caster, HP casting, extra vitality 1
a: Renounce Religion, Bend Time


You were on level 8 of the Dungeon.
You worshipped Cheibriados.
Cheibriados was aware of your devotion.
You visited 2 branches of the dungeon, and saw 9 of its levels.

You collected 272 gold pieces.

Inventory:

Missiles
 c - 83 stones
 f - 2 poisoned darts
Armour
 b - a +0 robe (worn)
Jewellery
 a - an amulet of faith (around neck)
 h - a ring of positive energy (left hand)
 r - a ring of see invisible (right hand)
Wands
 w - a wand of iceblast (10)
 y - a wand of paralysis (2)
Scrolls
 d - 4 scrolls of fog {unknown}
 g - 5 scrolls of teleportation {unknown}
 i - 4 scrolls of identify {unknown}
 j - a scroll of torment {unknown}
 k - a scroll of brand weapon {unknown}
 l - 2 scrolls of enchant weapon {unknown}
 m - a scroll of holy word {unknown}
 n - 4 scrolls of fear {unknown}
 q - 3 scrolls of noise {unknown}
 s - a scroll of magic mapping {unknown}
 v - 4 scrolls of enchant armour {unknown}
 x - a scroll of blinking {unknown}
 A - a scroll of vulnerability {unknown}
Potions
 e - a potion of mutation {unknown}
 o - a potion of heal wounds {unknown}
 p - 2 potions of invisibility
 t - 3 potions of haste
 u - a potion of flight
 z - 2 potions of cancellation {unknown}
 B - a potion of curing {unknown}


   Skills:
 * Level 5.6 Fighting
 * Level 5.6 Armour
 - Level 2.1 Dodging
 - Level 1.5 Stealth
 - Level 8.0 Spellcasting


You had 4 spell levels left.
You knew the following spells:

 Your Spells              Type           Power      Damage    Failure   Level
a - Sandblast             Erth           92%        2d19      1%          1
b - Passwall              Tmut/Erth      38%        N/A       1%          2
c - Stone Arrow           Conj/Erth      92%        3d12      1%          3
d - Petrify               Tmut/Erth      46%        N/A       2%          4
e - Apportation           Tloc           92%        N/A       1%          1
f - Ensorcelled Hibernat  Hex/Ice        92%        N/A       1%          2
g - Lesser Beckoning      Tloc           46%        N/A       1%          3
h - Leda's Liquefaction   Hex/Erth       23%        N/A       2%          4
Your spell library was empty.

Dungeon Overview and Level Annotations

Branches:
Dungeon (8/15)             Temple (1/1) D:6
   Lair: D:8-11

Altars:
Ashenzari
Cheibriados
Dithmenos
Elyvilon
Fedhas
Gozag
Hepliaklqana
Kikubaaqudgha
Makhleb
Nemelex Xobeh
Okawaru
Qazlal
Ru
Sif Muna
Trog
Uskayaw
Vehumet
Wu Jian
Xom
Yredelemnul
Zin
The Shining One

Shops:
D:4 *

Annotations:
D:6 2 runed translucent doors, Sverke's ghost, novice FoFi
D:7 2 transporters, duchin's ghost, novice DECj


Innate Abilities, Weirdness & Mutations

You are immune to sickness and miasma.
You are immune to poison.
Your flesh is very heat resistant. (rF++)
You are vulnerable to cold. (rC-)
You float through the air rather than walking.
You learn spells naturally, not from books.
Your magical power is your life essence.
You have superior vitality. (+4 MHP)


Message History

Aim: a killer bee (chance to affect: 76%)
The killer bee looks drowsy...
The killer bee stings you but does no damage.
The killer bee closely misses you. The killer bee stings you.
The killer bee stings you but does no damage.
Casting: Ensorcelled Hibernation (safe; 1% risk of failure)
Confirm with . or Enter, or press ? or * to list all spells.
Aiming: Stone Arrow (safe; 1% risk of failure)
Press: ? - help, Shift-Dir - straight line, f - killer bee, p - killer bee
Aim: a killer bee (51% to hit)
The stone arrow hits the killer bee!
The killer bee is heavily wounded.
The killer bee stings you. x2; The killer bee closely misses you.
The killer bee barely misses you. The killer bee closely misses you. x2
Casting: Stone Arrow (safe; 1% risk of failure)
Confirm with . or Enter, or press ? or * to list all spells.
Aiming: Stone Arrow (safe; 1% risk of failure)
Press: ? - help, Shift-Dir - straight line, f/p - killer bee
Aim: a killer bee (heavily wounded, 51% to hit)
The stone arrow hits the killer bee!
You kill the killer bee!
Cheibriados thoroughly appreciates the change of pace.
* * * LOW HITPOINT WARNING * * *
The killer bee stings you.
* * * LOW HITPOINT WARNING * * *
The killer bee stings you.
* * * LOW HITPOINT WARNING * * *
The killer bee stings you!
* * * LOW HITPOINT WARNING * * *
The killer bee barely misses you.
It was a potion of flight.
You feel more buoyant. The killer bee barely misses you.
The killer bee stings you.
* * * LOW HITPOINT WARNING * * *
The killer bee barely misses you. x2
It was a potion of invisibility.
You fade into invisibility!
The killer bee closely misses you. The killer bee barely misses you.
The killer bee stings you.
You die...

#### ..#
##.# #@.#
#yy#
.........#
####.#####
.! #.. ##


You could see 2 killer bees.

Vanquished Creatures
  2 water moccasins
  3 sky beasts
  An ogre (D:6)
  4 ice beasts
  4 necrophages
  A centaur (D:6)
  3 bullfrogs (D:6)
  A gnoll sergeant (D:7)
  3 scorpions
  3 killer bees (D:8)
  A bullfrog zombie (D:6)
  2 hounds (D:4)
  2 jellies
  5 iguanas
  Ijyb (D:5)
  Terence (D:3)
  3 orc wizards
  A killer bee zombie (D:7)
  2 howler monkey zombies
  8 adders
  8 gnolls
  2 shadow imps
  2 ufetubi
  An adder zombie (D:5)
  3 dart slugs
  12 orcs
  7 bats
  6 endoplasms
  2 giant cockroaches (D:2)
  6 goblins
  9 hobgoblins
  7 jackals
  5 kobolds
  13 ball pythons
  3 frilled lizards
  4 rats
141 creatures vanquished.

Vanquished Creatures (others)
  2 plants (D:3)
2 creatures vanquished.

Grand Total: 143 creatures vanquished

Notes
Turn   | Place    | Note
-------+----------+-------------------------------------------
     0 | D:1      | Bruhh the Djinni Earth Elementalist began the quest for the
                  | Orb.
     0 | D:1      | Reached XP level 1. HP: 15/15 MP: 0/0
   132 | D:1      | Reached XP level 2. HP: 20/21 MP: 0/0
   412 | D:1      | Reached skill level 3 in Spellcasting
   650 | D:1      | Reached XP level 3. HP: 23/25 MP: 0/0
   650 | D:1      | Learned a level 1 spell: Apportation
  1416 | D:2      | Reached XP level 4. HP: 26/31 MP: 0/0
  1458 | D:2      | Found a faded altar of an unknown god.
  2734 | D:3      | Found an iron altar of Okawaru.
  2754 | D:3      | Noticed Terence
  2760 | D:3      | Killed Terence
  2761 | D:3      | Reached skill level 4 in Spellcasting
  2761 | D:3      | Reached XP level 5. HP: 19/35 MP: 0/0
  2761 | D:3      | Learned a level 2 spell: Ensorcelled Hibernation
  3812 | D:3      | Found a stormy altar of Qazlal.
  3867 | D:3      | Reached XP level 6. HP: 31/40 MP: 0/0
  4754 | D:4      | Reached skill level 5 in Spellcasting
  5106 | D:4      | Found Laxtames's General Store.
  5160 | D:4      | Reached XP level 7. HP: 29/45 MP: 0/0
  5160 | D:4      | Learned a level 3 spell: Lesser Beckoning
  5339 | D:4      | Noticed a water moccasin
  5341 | D:4      | Killed a water moccasin
  5342 | D:4      | Reached skill level 6 in Spellcasting
  5673 | D:5      | Entered Level 5 of the Dungeon
  5841 | D:5      | Noticed Ijyb
  5844 | D:5      | Killed Ijyb
  6637 | D:6      | Reached XP level 8. HP: 44/50 MP: 0/0
  6646 | D:6      | Reached skill level 7 in Spellcasting
  6927 | D:6      | Found a runed translucent door.
  6933 | D:6      | Noticed Sverke's ghost (novice FoFi)
  7004 | D:6      | Reached skill level 8 in Spellcasting
  7159 | D:6      | Reached skill level 1 in Fighting
  7159 | D:6      | Reached skill level 1 in Armour
  7449 | D:6      | Reached XP level 9. HP: 27/59 MP: 0/0
  7449 | D:6      | Learned a level 4 spell: Leda's Liquefaction
  8151 | D:6      | Found a runed translucent door.
  8184 | D:6      | Found a staircase to the Ecumenical Temple.
  8195 | Temple   | Entered the Ecumenical Temple
  8612 | Temple   | Became a worshipper of Cheibriados the Contemplative
  9249 | D:7      | Noticed a hornet
  9268 | D:7      | Found a transporter.
  9273 | D:7      | Found a transporter.
  9277 | D:7      | Noticed a queen bee
  9465 | D:7      | Noticed duchin's ghost (novice DECj)
  9841 | D:7      | Reached skill level 5 in Fighting
  9841 | D:7      | Reached skill level 5 in Armour
 10293 | D:8      | Reached * piety under Cheibriados
 10303 | D:8      | Slain by a killer bee

Illustrated notes

Levels and vault maps discovered:
D:1:      psy_arrival_radial01, layout_basic, bh_walls_and_bars
D:2:      layout_basic, nicolae_ecumenical_snake_handling, minmay_hedge_maze
D:3:      minmay_skewed_foursquare, layout_basic, mainiacjoe_overflow_boulevard,
          mainiacjoe_overflow_chevrons, uniq_terence
D:4:      layout_cave_pools, serial_shops, shop, minmay_misc_feat_doors,
          skrybe_limestone_x, minmay_misc_feat_chi
D:5:      layout_gridville, uniq_ijyb
D:6:      layout_basic, temple_green, ebering_ghost_sewer_f,
          gup_sewer_entry_glass
D:7:      layout_loops_corners, gammafunk_ghost_hive
D:8:      layout_basic, lair_entry_dummy
Temple:   mainiacjoe_temple_big_plus

Skill      XL: |  1  2  3  4  5  6  7  8  9 |
---------------+----------------------------+-----
Spellcasting   | 3 4 5 6 8 |  8.0
Fighting       | 2 5 |  5.6
Armour         | 2 5 |  5.6
Dodging        | |  2.1
Stealth        | |  1.5

Action                   |  1- 3 |  4- 6 |  7- 9 || total
-------------------------+-------+-------+-------++-------
Melee: Unarmed           |     1 |    29 |     2 ||    32
 Cast: Sandblast         |    48 |    31 |       ||    79
       Stone Arrow       |       |    41 |   110 ||   151
       Ensorcelled Hiber |       |       |     1 ||     1
  Use: Potion            |       |       |     2 ||     2
Armor: Robe              |     3 |    12 |     6 ||    21
Dodge: Dodged            |    16 |    25 |    27 ||    68
